[ AOE2 MATCH · #506484409 ]
UnrankedByzantines vs Britons
Player's team · LOSS
Rival team · WIN
[ REPLAY ANALYSIS · EXTRACTED FROM THE RECORDED GAME ]
Feudal
10:40
Castle
14:14
Imperial
34:41
| APM avg | 44.5 |
| APM peak | 78 |
| eAPM avg | 22.0 |
| Villagers / military | 141 / 83 |
Focus
⚔️ 29.6% · 🌾 70.4%
Skirmisher ×56 · Hand Cannoneer ×20 · Mangonel ×5 · Bombard Cannon ×1 · Trebuchet (Packed) ×1
Feudal
9:30
Castle
18:54
Imperial
32:20
| APM avg | 50.7 |
| APM peak | 113 |
| eAPM avg | 23.4 |
| Villagers / military | 131 / 120 |
Focus
⚔️ 36.6% · 🌾 63.4%
Skirmisher ×41 · Scout Cavalry ×31 · Archer ×23 · Spearman ×18 · Mangonel ×3 · Battering Ram ×3
Match map
Initial resources + every placement click. Lines = walls · curves = elevation contours. ◆ gold · ⬟ stone · ● berries · ✦ relic · ◌ wall gap
Your base· Open — 5t gap
JoeSham's base· Open — unwalled flank
Smoothed initial terrain · ◌ = detected wall gap · hover for details
Inputs per minute
— inhoftah - - JoeSham
Build order — inhoftah
First 150 of 393 actions detected
| 0:45 | Build | Town Center |
| 1:14 | Build | House |
| 1:17 | Build | House |
| 1:22 | Build | House |
| 1:43 | Create | Villager (Male) |
| 2:06 | Create | Villager (Male) |
| 2:11 | Create | Villager (Male) |
| 2:15 | Create | Villager (Male) |
| 2:41 | Build | Lumber Camp |
| 3:06 | Build | House |
| 3:11 | Create | Villager (Male) |
| 3:20 | Create | Villager (Male) |
| 3:22 | Create | Villager (Male) |
| 3:26 | Create | Villager (Male) |
| 3:53 | Create | Villager (Male) |
| 4:05 | Create | Villager (Male) |
| 4:31 | Create | Villager (Male) |
| 4:54 | Create | Villager (Male) |
| 5:12 | Build | House |
| 5:14 | Build | Palisade Wall |
| 5:27 | Create | Villager (Male) |
| 5:51 | Create | Villager (Male) |
| 6:07 | Create | Villager (Male) |
| 6:26 | Build | Palisade Wall |
| 6:51 | Build | House |
| 7:26 | Research | Loom |
| 7:28 | Build | Mining Camp |
| 7:31 | Build | Mill |
| 7:39 | Build | Palisade Wall |
| 7:41 | Build | Palisade Wall |
| 7:41 | Build | Palisade Wall |
| 7:43 | Build | Palisade Wall |
| 8:06 | Research | Feudal Age |
| 8:40 | Build | Palisade Wall |
| 9:17 | Build | Palisade Wall |
| 9:56 | Build | Palisade Wall |
| 10:00 | Create | Villager (Male) |
| 10:18 | Create | Villager (Male) |
| 10:24 | Build | Palisade Wall |
| 10:40 | Age | Feudal Age |
| 10:43 | Build | Blacksmith |
| 10:45 | Build | Market |
| 10:55 | Research | Double-Bit Axe |
| 10:55 | Research | Horse Collar |
| 11:28 | Research | Gold Mining |
| 11:34 | Research | Castle Age |
| 11:53 | Build | Palisade Gate |
| 11:56 | Build | Palisade Wall |
| 12:00 | Build | Palisade Wall |
| 12:07 | Build | Palisade Gate |
| 12:55 | Build | House |
| 13:11 | Build | Farm |
| 13:12 | Build | Farm |
| 13:13 | Build | Farm |
| 13:16 | Build | Farm |
| 13:21 | Build | House |
| 13:24 | Build | House |
| 13:44 | Build | Farm |
| 13:46 | Create | Villager (Male) |
| 14:14 | Age | Castle Age |
| 14:17 | Build | Town Center |
| 14:24 | Create | Villager (Male) |
| 14:48 | Build | Gate |
| 14:54 | Build | Stone Wall |
| 14:55 | Build | Stone Wall |
| 14:59 | Research | Bow Saw |
| 15:03 | Build | Farm |
| 15:04 | Build | Farm |
| 15:06 | Build | Farm |
| 15:09 | Create | Villager (Male) |
| 15:09 | Create | Villager (Male) |
| 15:13 | Build | House |
| 15:14 | Build | House |
| 15:15 | Build | House |
| 15:30 | Build | Gate |
| 15:33 | Build | Stone Wall |
| 15:34 | Build | Stone Wall |
| 15:37 | Build | Stone Wall |
| 15:40 | Build | Farm |
| 15:50 | Create | Villager (Male) |
| 15:50 | Create | Villager (Male) |
| 15:59 | Build | Farm |
| 16:00 | Build | Farm |
| 16:02 | Build | Farm |
| 16:12 | Create | Villager (Male) |
| 16:12 | Create | Villager (Male) |
| 16:25 | Create | Villager (Male) |
| 16:34 | Build | Town Center |
| 16:43 | Create | Villager (Male) |
| 16:43 | Create | Villager (Male) |
| 16:55 | Build | Farm |
| 16:57 | Build | Farm |
| 16:58 | Create | Villager (Male) |
| 17:08 | Build | House |
| 17:09 | Build | House |
| 17:10 | Create | Villager (Male) |
| 17:10 | Create | Villager (Male) |
| 17:21 | Build | Farm |
| 17:29 | Create | Villager (Male) |
| 17:29 | Create | Villager (Male) |
| 17:30 | Create | Villager (Male) |
| 17:37 | Build | House |
| 17:38 | Build | House |
| 17:44 | Build | Farm |
| 17:46 | Build | Farm |
| 17:47 | Create | Villager (Male) |
| 17:47 | Create | Villager (Male) |
| 17:57 | Build | Palisade Wall |
| 18:00 | Build | Farm |
| 18:05 | Build | Farm |
| 18:08 | Build | Farm |
| 18:09 | Build | Farm |
| 18:11 | Create | Villager (Male) |
| 18:35 | Build | Stone Wall |
| 18:36 | Build | Stone Wall |
| 18:37 | Build | Stone Wall |
| 18:37 | Build | Stone Wall |
| 18:39 | Create | Villager (Male) |
| 18:39 | Create | Villager (Male) |
| 18:42 | Build | Farm |
| 18:43 | Build | Farm |
| 18:48 | Build | House |
| 18:49 | Build | House |
| 18:53 | Create | Villager (Male) |
| 18:53 | Create | Villager (Male) |
| 18:56 | Build | Farm |
| 18:57 | Build | Farm |
| 19:02 | Build | Farm |
| 19:04 | Build | Farm |
| 19:05 | Create | Villager (Male) |
| 19:07 | Create | Villager (Male) |
| 19:12 | Create | Villager (Male) |
| 19:29 | Build | Siege Workshop |
| 19:38 | Build | Stone Wall |
| 19:40 | Build | Stone Wall |
| 19:40 | Build | Stone Wall |
| 19:41 | Build | Stone Wall |
| 19:45 | Create | Villager (Male) |
| 19:45 | Create | Villager (Male) |
| 19:48 | Build | Mining Camp |
| 19:50 | Create | Villager (Male) |
| 19:52 | Create | Villager (Male) |
| 19:54 | Create | Villager (Male) |
| 19:58 | Build | Farm |
| 20:00 | Build | Farm |
| 20:04 | Research | Fletching |
| 20:10 | Build | House |
| 20:16 | Build | Stone Wall |
| 20:28 | Create | Villager (Male) |
| 20:28 | Create | Villager (Male) |
Build order — JoeSham
First 150 of 455 actions detected
| 0:25 | Build | Town Center |
| 1:26 | Build | House |
| 1:41 | Create | Villager (Male) |
| 1:44 | Research | Loom |
| 1:46 | Create | Villager (Male) |
| 2:01 | Build | Lumber Camp |
| 2:05 | Create | Villager (Male) |
| 2:15 | Build | House |
| 2:40 | Build | House |
| 2:55 | Create | Villager (Male) |
| 3:06 | Build | House |
| 3:09 | Create | Villager (Male) |
| 3:28 | Create | Villager (Male) |
| 3:35 | Create | Villager (Male) |
| 3:47 | Create | Villager (Male) |
| 4:16 | Create | Villager (Male) |
| 4:20 | Build | House |
| 4:22 | Build | Palisade Wall |
| 4:30 | Create | Villager (Male) |
| 6:07 | Create | Villager (Male) |
| 6:29 | Build | Mill |
| 6:51 | Create | Villager (Male) |
| 7:20 | Research | Feudal Age |
| 7:20 | Research | Feudal Age |
| 7:29 | Build | Mill |
| 8:05 | Create | Villager (Male) |
| 8:16 | Build | Barracks |
| 8:33 | Build | House |
| 8:35 | Build | Palisade Wall |
| 9:30 | Age | Feudal Age |
| 9:36 | Research | Double-Bit Axe |
| 9:41 | Build | Archery Range |
| 9:46 | Create | Villager (Male) |
| 9:56 | Build | Palisade Wall |
| 10:05 | Create | Villager (Male) |
| 10:14 | Build | Palisade Wall |
| 10:22 | Create | Villager (Male) |
| 10:32 | Build | Blacksmith |
| 10:35 | Build | Palisade Wall |
| 10:38 | Build | House |
| 10:40 | Build | Palisade Wall |
| 10:42 | Create | Villager (Male) |
| 10:43 | Create | Archer |
| 10:49 | Create | Villager (Male) |
| 11:06 | Build | Mining Camp |
| 11:14 | Create | Villager (Male) |
| 11:21 | Create | Archer |
| 12:02 | Build | Farm |
| 12:04 | Build | Farm |
| 12:06 | Build | Farm |
| 12:06 | Build | Farm |
| 12:13 | Build | House |
| 12:16 | Create | Archer |
| 12:41 | Create | Villager (Male) |
| 12:43 | Build | Farm |
| 12:45 | Build | Farm |
| 12:47 | Build | Farm |
| 12:48 | Create | Villager (Male) |
| 12:50 | Build | Farm |
| 13:04 | Build | House |
| 13:05 | Build | Palisade Wall |
| 13:10 | Build | Palisade Wall |
| 13:12 | Create | Villager (Male) |
| 13:15 | Build | Farm |
| 13:17 | Build | Farm |
| 13:27 | Create | Archer |
| 13:38 | Create | Villager (Male) |
| 13:53 | Create | Archer |
| 14:05 | Build | House |
| 14:12 | Build | Farm |
| 14:14 | Create | Villager (Male) |
| 14:21 | Create | Archer |
| 14:33 | Build | Farm |
| 14:40 | Create | Archer |
| 14:50 | Create | Villager (Male) |
| 14:55 | Create | Archer |
| 15:02 | Build | Farm |
| 15:26 | Create | Archer |
| 15:45 | Create | Villager (Male) |
| 15:50 | Build | Farm |
| 16:01 | Build | Palisade Wall |
| 16:08 | Create | Archer |
| 16:14 | Research | Castle Age |
| 16:33 | Create | Archer |
| 16:40 | Build | Palisade Wall |
| 16:41 | Build | House |
| 16:48 | Research | Horse Collar |
| 16:48 | Create | Archer |
| 16:59 | Build | Archery Range |
| 17:03 | Create | Archer |
| 17:06 | Create | Villager (Male) |
| 17:16 | Research | Fletching |
| 17:20 | Build | House |
| 17:35 | Build | Lumber Camp |
| 17:38 | Create | Archer |
| 17:40 | Create | Spearman |
| 17:53 | Create | Villager (Male) |
| 17:56 | Build | Farm |
| 18:06 | Build | House |
| 18:10 | Build | House |
| 18:17 | Create | Archer |
| 18:20 | Research | Padded Archer Armor |
| 18:54 | Age | Castle Age |
| 18:58 | Build | Siege Workshop |
| 19:01 | Research | Bodkin Arrow |
| 19:10 | Create | Villager (Male) |
| 19:20 | Create | Villager (Male) |
| 19:30 | Build | Town Center |
| 19:48 | Research | Crossbowman (upgrade) |
| 20:04 | Create | Archer |
| 20:04 | Create | Villager (Male) |
| 20:11 | Create | Villager (Male) |
| 20:18 | Create | Mangonel |
| 20:20 | Build | House |
| 20:23 | Create | Villager (Male) |
| 20:23 | Create | Villager (Male) |
| 20:50 | Create | Villager (Male) |
| 20:50 | Create | Villager (Male) |
| 20:50 | Create | Archer |
| 21:00 | Create | Villager (Male) |
| 21:03 | Build | House |
| 21:08 | Create | Archer |
| 21:10 | Create | Archer |
| 21:15 | Create | Archer |
| 21:15 | Create | Villager (Male) |
| 21:16 | Create | Archer |
| 21:16 | Create | Villager (Male) |
| 21:16 | Create | Villager (Male) |
| 21:26 | Create | Villager (Male) |
| 22:11 | Create | Villager (Male) |
| 22:11 | Create | Villager (Male) |
| 22:12 | Create | Villager (Male) |
| 22:14 | Build | Lumber Camp |
| 22:18 | Create | Mangonel |
| 22:27 | Create | Archer |
| 22:31 | Create | Villager (Male) |
| 22:31 | Create | Villager (Male) |
| 22:32 | Create | Villager (Male) |
| 22:33 | Build | Farm |
| 22:45 | Build | Farm |
| 22:46 | Create | Villager (Male) |
| 23:21 | Create | Villager (Male) |
| 23:22 | Create | Villager (Male) |
| 23:49 | Create | Villager (Male) |
| 23:49 | Create | Villager (Male) |
| 23:49 | Create | Villager (Male) |
| 24:06 | Create | Villager (Male) |
| 24:06 | Create | Villager (Male) |
| 24:06 | Create | Villager (Male) |
| 24:08 | Create | Archer |
Match timeline
| 4:22 | JoeSham · wall_segment Palisade Wall x1 |
| 5:14 | inhoftah · wall_segment Palisade Wall x5 |
| 6:26 | inhoftah · wall_segment Palisade Wall x4 |
| 7:39 | inhoftah · wall_segment Palisade Wall x3 |
| 7:41 | inhoftah · wall_segment Palisade Wall x1 |
| 7:41 | inhoftah · wall_segment Palisade Wall x1 |
| 7:43 | inhoftah · wall_segment Palisade Wall x1 |
| 8:16 | JoeSham · first_building Barracks |
| 8:35 | JoeSham · wall_segment Palisade Wall x1 |
| 8:40 | inhoftah · wall_segment Palisade Wall x4 |
| 9:17 | inhoftah · wall_segment Palisade Wall x3 |
| 9:30 | JoeSham · age_up feudal |
| 9:41 | JoeSham · first_building Archery Range |
| 9:56 | inhoftah · wall_segment Palisade Wall x3 |
| 9:56 | JoeSham · wall_segment Palisade Wall x3 |
| 10:14 | JoeSham · wall_segment Palisade Wall x1 |
| 10:24 | inhoftah · wall_segment Palisade Wall x5 |
| 10:35 | JoeSham · wall_segment Palisade Wall x1 |
| 10:40 | JoeSham · wall_segment Palisade Wall x1 |
| 10:40 | inhoftah · age_up feudal |
| 11:56 | inhoftah · wall_segment Palisade Wall x4 |
| 12:00 | inhoftah · wall_segment Palisade Wall x5 |
| 13:05 | JoeSham · wall_segment Palisade Wall x5 |
| 13:10 | JoeSham · wall_segment Palisade Wall x2 |
| 14:14 | inhoftah · age_up castle |
| 14:29 | inhoftah · first_market_buy 100 wood |
| 14:54 | inhoftah · wall_segment Stone Wall x6 |
| 14:55 | inhoftah · wall_segment Stone Wall x1 |
| 15:33 | inhoftah · wall_segment Stone Wall x1 |
| 15:34 | inhoftah · wall_segment Stone Wall x1 |
| 15:37 | inhoftah · wall_segment Stone Wall x4 |
| 16:01 | JoeSham · wall_segment Palisade Wall x1 |
| 16:08 | inhoftah · first_market_sell 100 wood |
| 16:40 | JoeSham · wall_segment Palisade Wall x1 |
| 17:57 | inhoftah · wall_segment Palisade Wall x1 |
| 18:35 | inhoftah · wall_segment Stone Wall x5 |
| 18:36 | inhoftah · wall_segment Stone Wall x1 |
| 18:37 | inhoftah · wall_segment Stone Wall x1 |
| 18:37 | inhoftah · wall_segment Stone Wall x1 |
| 18:54 | JoeSham · age_up castle |
| 18:58 | JoeSham · first_building Siege Workshop |
| 19:29 | inhoftah · first_building Siege Workshop |
| 19:38 | inhoftah · wall_segment Stone Wall x6 |
| 19:40 | inhoftah · wall_segment Stone Wall x1 |
| 19:40 | inhoftah · wall_segment Stone Wall x1 |
| 19:41 | inhoftah · wall_segment Stone Wall x1 |
| 20:16 | inhoftah · wall_segment Stone Wall x3 |
| 25:16 | JoeSham · first_building Monastery |
| 26:29 | inhoftah · wall_segment Stone Wall x1 |
| 27:45 | inhoftah · first_building Castle |
| 27:51 | JoeSham · first_market_sell 100 wood |
| 31:36 | inhoftah · first_building Barracks |
| 31:51 | JoeSham · first_building Stable |
| 32:20 | JoeSham · age_up imperial |
| 32:32 | inhoftah · first_building Archery Range |
| 34:41 | inhoftah · age_up imperial |
| 41:22 | inhoftah · first_building Stable |
| 47:02 | inhoftah · resign |
[ AI ANALYSIS · 1 CREDIT ]
What really happened in this match?
Wolo.gg analyzes every decision: build order, eco, micro, common mistakes by bracket. Personalized analysis on WhatsApp or Discord in 30 seconds.
Civ guide
Byzantines
Perfil
Jugador #3940090